 Dungeon Crawl Stone Soup version 0.32-a0-41-gec2d92a32c (webtiles) character file.

Game seed: 14289961188222609402

1703 CougarLife the Cleaver (level 8, -5/75 HPs)
             Began as a Minotaur Fighter on Jan 26, 2024.
             Slain by a yak (11 damage)
             ... on level 6 of the Dungeon.
             The game lasted 00:04:38 (4363 turns).

CougarLife the Cleaver (Minotaur Fighter)           Turns: 4363, Time: 00:04:38

Health: -5/75      AC:  7    Str: 22 (23) XL:     8   Next: 73%
Magic:  7/7        EV:  9    Int:  5      God:
Gold:   277        SH:  4    Dex: 10      Spells: 7/7 levels left

rFire   . . .        a - +0 war axe
rCold   . . .        c - +0 buckler
rNeg    . . .        b - +0 scale mail
rPois   .            (helmet restricted)
rElec   .            (no cloak)
rCorr   +            (no gloves)
SInv    .            (no boots)
Will    .....        (no amulet) Stlth
                     n - ring of resist corrosion
HPRegen 0.32/turn    (no ring)
MPRegen 0.10/turn

%: no passive effects
@: mighty, silenced
A: horns 2, retaliatory headbutt
a: no special abilities


You were on level 6 of the Dungeon.
You visited 1 branch of the dungeon, and saw 6 of its levels.

You collected 277 gold pieces.

Inventory:

Hand Weapons
 a - a +0 war axe (weapon)
Missiles
 h - 3 boomerangs (quivered)
 m - 5 javelins
 o - 6 poisoned darts
Armour
 b - a +0 scale mail (worn)
 c - a +0 buckler (worn)
Jewellery
 n - a ring of resist corrosion (left hand)
Wands
 q - a wand of flame (12)
Scrolls
 g - a scroll of fear {unknown}
 i - a scroll of blinking {unknown}
 k - a scroll of poison {unknown}
 p - a scroll of noise {unknown}
 s - a scroll of enchant armour {unknown}
 t - 2 scrolls of revelation
 x - a scroll of amnesia {unknown}
Potions
 e - a potion of enlightenment {unknown}
 j - 2 potions of ambrosia
 l - a potion of brilliance {unknown}
 r - a potion of degeneration
 v - a potion of mutation {unknown}


   Skills:
 + Level 8.5 Fighting
 * Level 10.9 Axes
 - Level 4.0 Armour
 - Level 4.0 Shields


You had 7 spell levels left.
You didn't know any spells.
Your spell library contained the following spells:

 Spells                   Type           Power      Damage    Failure   Level
 Slow                     Hex            0%         N/A       86%         1
 Blink                    Tloc           0%         N/A       94%         2
 Lesser Beckoning         Tloc           0%         N/A       94%         2
 Momentum Strike          Conj/Tloc      0%         3d8       94%         2
 Confusing Touch          Hex            0%         N/A       99%         3
 Sigil of Binding         Hex            0%         N/A       99%         3
 Stone Arrow              Conj/Erth      0%         3d7       99%         3
 Vampiric Draining        Necr           0%         2d6       99%         3
 Animate Armour           Summ/Erth      0%         N/A       100%        4
 Lehudib's Crystal Spear  Conj/Erth      0%         10d2      100%        8


Dungeon Overview and Level Annotations

Branches:
Dungeon (6/15)
 Temple: D:4-7

Altars:
Ashenzari
The Shining One

Shops:
D:4 *[([   D:6 *

Annotations:
D:3 3 runed translucent doors, Azoth's ghost, amateur DsSh
D:5 3 runed translucent doors, RockinRobin's ghost, amateur DsFi


Innate Abilities, Weirdness & Mutations

You have a pair of horns on your head.
You reflexively headbutt those who attack you in melee.


Message History

You block the yak's attack. x2
You feel your dexterity returning.
Your Axes skill increases to level 10!
You barely miss the centaur. You slash the yak! You hit the yak.
You block the centaur's attack.
The centaur kicks you but does no damage.
The yak barely misses you. The centaur hits you.
The centaur closely misses you. The yak gores you!
* * * LOW HITPOINT WARNING * * *
You hit the yak. You headbutt the yak.
You kill the yak!
You slash the centaur! You slash the yak! The centaur closely misses you.
You furiously retaliate!
You headbutt the centaur!!
You kill the centaur!
The yak gores you!
* * * LOW HITPOINT WARNING * * *
You feel your strength returning.
You feel your intelligence returning.
Your Fighting skill increases to level 8!
You slice the yak!!
You kill the yak!
You completely miss the yak. The yak gores you.
* * * LOW HITPOINT WARNING * * *
You feel your dexterity returning.
You slash the yak!
The yak is lightly wounded.
You hit the yak. The yak closely misses you. The yak barely misses you.
You completely miss the yak.
The yak is lightly wounded.
You hit the yak but do no damage. You block the yak's attack.
The yak barely misses you.
You slash the yak!
The yak is heavily wounded.
You slash the yak! You block the yak's attack.
The yak gores you but does no damage.
You slice the yak!!
The yak is almost dead.
You hit the yak. The yak gores you.
* * * LOW HITPOINT WARNING * * *
The yak gores you!
You die...

#...........# ......
......#.##.### . ......
......#.#...#. ........
#.#........... ........
###...........
........###.......##..##
..... ...#..###...##..##
......##Y##..##...##...#
#..Y@†.........#.....
#..###.....###..#..## ##
#.#..## ##.#### ######
###


You could see 2 yaks.

Vanquished Creatures
  4 yaks (D:6)
  A sky beast (D:6)
  An ice beast (D:6)
  2 black bears (D:5)
  A centaur (D:6)
  An ogre (D:5)
  2 scorpions
  A bombardier beetle (D:5)
  3 hounds
  A gnoll bouda (D:4)
  2 iguanas (D:5)
  4 orc wizards
  5 gnolls
  5 adders
  2 dart slugs
  A ribbon worm (D:3)
  11 orcs
  9 endoplasms
  4 giant cockroaches
  4 goblins
  6 hobgoblins
  2 jackals (D:1)
  2 quokkas (D:4)
  4 ball pythons
  6 bats
  A frilled lizard (D:1)
  4 kobolds
  6 rats
95 creatures vanquished.

Notes
Turn   | Place    | Note
-------+----------+-------------------------------------------
     0 | D:1      | CougarLife the Minotaur Fighter began the quest for the
                  | Orb.
     0 | D:1      | Reached XP level 1. HP: 19/19 MP: 0/0
   292 | D:1      | Reached XP level 2. HP: 26/26 MP: 1/1
   557 | D:2      | Reached skill level 3 in Axes
   644 | D:2      | Reached XP level 3. HP: 31/33 MP: 2/2
  1206 | D:3      | Found a runed translucent gate.
  1206 | D:3      | Found a runed translucent gate.
  1206 | D:3      | Found a runed translucent gate.
  1207 | D:3      | Noticed Azoth's ghost (amateur DsSh)
  1375 | D:3      | Found a faded altar of an unknown god.
  1642 | D:4      | Found Ythrimpumm's Antique Armour Shop.
  1693 | D:4      | Found Vav Unen's General Store.
  1822 | D:4      | Found a glowing golden altar of the Shining One.
  1851 | D:4      | Reached skill level 4 in Axes
  1896 | D:4      | Found Aseetud's Antique Armour Shop.
  1913 | D:4      | Reached XP level 4. HP: 36/40 MP: 3/3
  2218 | D:4      | Found Rizuete's Weapon Shoppe.
  2401 | D:5      | Entered Level 5 of the Dungeon
  2556 | D:4      | Reached skill level 5 in Axes
  2556 | D:4      | Reached XP level 5. HP: 37/47 MP: 4/4
  2628 | D:5      | Noticed a black bear
  2636 | D:5      | Killed a black bear
  2637 | D:5      | Reached skill level 5 in Fighting
  2770 | D:5      | Reached skill level 6 in Axes
  2780 | D:5      | Reached XP level 6. HP: 53/56 MP: 5/5
  2817 | D:5      | Found a runed translucent gate.
  2817 | D:5      | Found a runed translucent gate.
  2817 | D:5      | Found a runed translucent gate.
  3222 | D:5      | Found a broken altar of Ashenzari.
  3406 | D:5      | Reached skill level 7 in Axes
  3450 | D:5      | Noticed RockinRobin's ghost (amateur DsFi)
  3451 | D:5      | Noticed an ice beast
  3553 | D:5      | Reached XP level 7. HP: 55/63 MP: 6/6
  3893 | D:5      | Reached skill level 8 in Axes
  4230 | D:6      | Found Etig's General Store.
  4238 | D:6      | Reached skill level 9 in Axes
  4238 | D:6      | Reached XP level 8. HP: 63/73 MP: 7/7
  4350 | D:6      | HP: 3/73 [yak (11)]
  4357 | D:6      | Reached skill level 10 in Axes
  4363 | D:6      | Slain by a yak

Illustrated notes

Levels and vault maps discovered:
D:1:      wander_arrival_desolate, layout_loops_ring
D:2:      layout_loops_ring
D:3:      layout_basic, ebering_ecumenical_altar_box,
          gammafunk_ghost_necromancy, minivault_11
D:4:      layout_cave_pools, mainiacjoe_overflow_24_doors, serial_shops,
          nicolae_shop_real_fake_doors, nicolae_stop_n_shop_1,
          nicolae_shop_pleasant_corner_grove, shop, serial_column_ruins,
          column_ruins_hut_ruined, column_ruins_hut,
          column_ruins_columns_dead_end, column_ruins_open_tiny_water,
          column_ruins_grid_4, column_ruins_open_tiny,
          column_ruins_open_medium_water, column_ruins_columns_straight,
          minmay_misc_feat_nine_boxes, nicolae_elevator_lobby_asterisk
D:5:      layout_basic, evilmike_ruin_ashenzari, gammafunk_ghost_icy,
          minivault_27
D:6:      layout_cave_pools, serial_shops, shop

Skill      XL: |  1  2  3  4  5  6  7  8 |
---------------+-------------------------+-----
Armour         | 4 |  4.0
Shields        | 4 |  4.0
Axes           | 3 4 5 6 7 9 10 | 10.9
Fighting       | 4 5 6 7 8 |  8.5

Action                     |  1- 3 |  4- 6 |  7- 9 || total
---------------------------+-------+-------+-------++-------
  Melee: War axe           |    85 |    86 |    73 ||   244
         Headbutt          |    16 |    15 |     8 ||    39
    Use: Scroll            |       |     4 |     1 ||     5
         Potion            |       |       |     7 ||     7
 Armour: Scale mail        |    53 |    85 |    74 ||   212
  Dodge: Dodged            |    32 |    51 |    35 ||   118
  Block: Buckler           |    15 |    14 |    25 ||    54

Table legend: (Time is in decaauts)
 A = Elapsed time spent in this place.
 B = Non-inter-level travel time spent in this place.
 C = Inter-level travel time spent in this place.
 D = Time resting spent in this place.
 E = Time spent auto-exploring this place.
 F = Levels seen in this place.
 G = Mean time per level.
                   A        B        C        D        E       F      G
               +--------+--------+--------+--------+--------+-----+--------+
         Total |   4424 |   4300 |    124 |    476 |   3131 |   6 |  737.3 |
       Dungeon |   4424 |   4300 |    124 |    476 |   3131 |   6 |  737.3 |
               +--------+--------+--------+--------+--------+-----+--------+

Top non-repeatable levels by time:
     D:5: 1517 daAuts
     D:4: 958 daAuts
     D:3: 579 daAuts
     D:1: 554 daAuts
     D:2: 520 daAuts
     D:6: 294 daAuts
